 Dungeon Crawl Stone Soup version 0.30-a0-50-gb2d611f6b1 (webtiles) character file.

Game seed: 17941089617327876100

50701 Varenkail the Unseen (level 14, -1/72 HPs)
             Began as a Spriggan Enchanter on Sept 3, 2022.
             Was an Elder of Dithmenos.
             Slain by a death yak (23 damage)
             ... on level 3 of the Lair of Beasts.
             The game lasted 00:42:51 (15824 turns).

Varenkail the Unseen (Spriggan Enchanter)          Turns: 15824, Time: 00:42:52

Health: -1/72      AC:  7    Str:  8    XL:     14   Next: 20%
Magic:  36/36      EV: 28    Int: 16    God:    Dithmenos [****..]
Gold:   2231       SH:  0    Dex: 21    Spells: 30/41 levels left

rFire   . . .      SeeInvis +    x - +5 dagger (holy)
rCold   . . .      Faith    .    (no shield)
rNeg    . . .      Spirit   .    j - +1 steam dragon scales
rPois   .          Reflect  .    (helmet restricted)
rElec   +          Harm     .    C - +0 cloak
rCorr   .          Rampage  .    (gloves unavailable)
Will    ++...      Archmagi +    (boots unavailable) Stlth *+++++++++
                                 d - amulet of regeneration
HPRegen 1.02/turn                g - ring of the Mage {Wiz Archmagi}
MPRegen 0.25/turn                l - ring of Giysodaen {Fly rElec Dex+4}

@: flying, wreathed by umbra, very quick
A: very small, no large weapons, unfitting armour, see invisible, speed 3, horns
1, high MP 1
a: Renounce Religion, Shadow Step


You were on level 3 of the Lair of Beasts.
You worshipped Dithmenos.
Dithmenos was greatly pleased with you.
You visited 3 branches of the dungeon, and saw 18 of its levels.

You collected 2231 gold pieces.

Inventory:

Hand Weapons
 a - a +1 dagger
 x - a +5 dagger of holy wrath (weapon)
Missiles
 b - 33 poisoned darts (quivered)
 s - a throwing net
 z - 2 curare-tipped darts
Armour
 j - +1 steam dragon scales (worn)
 C - a +0 cloak (worn)
Jewellery
 d - an amulet of regeneration (around neck)
 g - the ring of the Mage (left hand) {Wiz Archmagi}
   (You found it on level 10 of the Dungeon)

   [ring of wizardry]

   It improves your spell success rate.
   Archmagi:  It increases the power of your magical spells.
 l - the ring of Giysodaen (right hand) {Fly rElec Dex+4}
   (You found it on level 3 of the Dungeon)

   [ring of flight]

   Dex:       It affects your dexterity (+4).
   rElec:     It insulates you from electricity.
   Fly:       It grants you flight.
 r - a ring of protection from cold
 E - a ring of wizardry
 N - a ring of resist corrosion
 P - a +4 ring of evasion
Wands
 f - a wand of flame (19)
 m - a wand of roots (15)
 t - a wand of digging (7)
 D - a wand of charming (14)
 G - a wand of mindburst (5)
Scrolls
 h - 4 scrolls of magic mapping
 k - 6 scrolls of butterflies
 n - 7 scrolls of teleportation
 q - a scroll of summoning
 v - a scroll of immolation
 y - 7 scrolls of amnesia
 J - a scroll of vulnerability
 L - 4 scrolls of identify
 M - a scroll of fear
 Q - a scroll of enchant armour
Potions
 c - a potion of invisibility
 e - 3 potions of magic
 i - 4 potions of might
 o - 4 potions of curing
 p - a potion of brilliance
 u - 3 potions of lignification
 w - 5 potions of mutation
 A - 2 potions of haste
 B - 4 potions of flight
 F - 2 potions of cancellation
 H - 3 potions of heal wounds
 I - a potion of resistance
Miscellaneous
 K - a lightning rod (3/4)
 O - a tin of tremorstones (inert)


   Skills:
 + Level 7.8 Fighting
 + Level 10.2 Short Blades
 + Level 12.4 Dodging
 + Level 17.1 Stealth
 + Level 14.0 Spellcasting
 + Level 14.2 Hexes


You had 30 spell levels left.
You knew the following spells:

 Your Spells              Type           Power      Damage    Failure   Level
a - Ensorcelled Hibernat  Hex/Ice        100%       N/A       1%          2
b - Tukima's Dance        Hex            71%        N/A       1%          3
c - Dazzling Flash        Conj/Hex       100%       N/A       1%          3
d - Confusing Touch       Hex            71%        N/A       1%          3

Your spell library contained the following spells:

 Spells                   Type           Power      Damage    Failure   Level
 Slow                     Hex            100%       N/A       0%          1
 Anguish                  Hex/Necr       25%        N/A       1%          4
 Fulminant Prism          Conj/Hex       25%        3d14      1%          4
 Magic Dart               Conj           64%        1d6       2%          1
 Call Imp                 Summ           16%        N/A       3%          2
 Poisonous Vapours        Pois/Air       32%        N/A       3%          2
 Searing Ray              Conj           32%        2d5       3%          2
 Gell's Gravitas          Tloc           16%        N/A       8%          3
 Lesser Beckoning         Tloc           16%        N/A       8%          3
 Mephitic Cloud           Conj/Pois/Air  16%        N/A       8%          3
 Spider Form              Tmut/Pois      16%        N/A       8%          3
 Teleport Other           Tloc           16%        N/A       8%          3
 Vampiric Draining        Necr           16%        2d7       8%          3
 Animate Dead             Necr           16%        N/A       24%         4
 Corpse Rot               Necr/Pois/Air  16%        N/A       24%         4
 Alistair's Intoxication  Tmut/Pois      10%        N/A       52%         5
 Borgnjor's Vile Clutch   Necr/Erth      8%         N/A       52%         5
 Iskenderun's Battlesphe  Conj           16%        2d7       52%         5
 Eringya's Noxious Bog    Tmut/Pois      8%         N/A       97%         6
 Iron Shot                Conj/Erth      8%         9d3       97%         6
 Haunt                    Necr/Summ      8%         N/A       100%        7
 Spellforged Servitor     Conj/Summ      8%         N/A       100%        7
 Infestation              Necr           8%         N/A       100%        8


Dungeon Overview and Level Annotations

Branches:
Dungeon (14/15)            Temple (1/1) D:5            Lair (3/5) D:11
  Snake (0/4) Lair:2          Orc (0/2) D:10         Vaults (0/5) D:14
  Swamp: Lair:2-3    Shoals: Lair:2-3

Altars:
Ashenzari
Cheibriados
Dithmenos
Elyvilon
Fedhas
Gozag
Hepliaklqana
Kikubaaqudgha
Makhleb
Nemelex Xobeh
Okawaru
Qazlal
Ru
Sif Muna
Trog
Uskayaw
Vehumet
Wu Jian
Xom
Yredelemnul
Zin
The Shining One

Shops:
D:4 (   D:7 [*   D:11 (

Portals:
Trove: D:13 (give 12 potions of heal wounds)

Annotations:
D:9 2 runed translucent doors, exclusion: ice statue
D:11 3 runed translucent doors, confidenceinterval's ghost, journeyman TeCj
D:13 1 runed translucent door, Pereli's ghost, journeyman SpEn
Lair:1 3 runed translucent doors, Ohiral's ghost, novice BaFi


Innate Abilities, Weirdness & Mutations

You are very small and have problems with some larger weapons.
You are too small for most types of armour.
You have supernaturally acute eyesight. (SInv)
You cover ground extremely quickly. (Speed+++)
You have a pair of small horns on your head.
You have an increased reservoir of magic. (+10% MP)


Message History

There is a stone staircase leading down here.
You start resting.
HP restored.
Unknown command.
Unknown command.
You fly downwards.
Found a scroll of identify.
There is a stone staircase leading up here.
The helpless cane toad fails to defend itself.
You stick the cane toad like a pincushion!!!!!
You kill the cane toad!
Dithmenos accepts your kill.
Your Spellcasting skill increases to level 14!
Found a scale mail.
The helpless cane toad fails to defend itself.
You skewer the cane toad like a kebab!!!!!
You kill the cane toad!
Dithmenos accepts your kill.
There is a stone staircase leading up here.
Found a robe.
Unknown command.
Unknown command.
You see here a +0 robe.
A death yak comes into view.
Found a scroll of enchant armour. 2 death yaks come into view.
The death yak bellows!
You hear an angry hiss.
A komodo dragon comes into view.
A death yak comes into view.
The death yak bellows! x3
You hit the death yak but do no damage. Your punch misses the death yak.
Unknown command.
The death yak gores you!!
You emit a cloud of dark smoke.
Found a ring mail.
Found 5 stones.
The death yak gores you!!
* * * LOW HITPOINT WARNING * * *
You see here a scroll of enchant armour.
Q - a scroll of enchant armour The death yak gores you!!
You die...

##..........PP.
#..........P#
#.......#..#
##.........#
#..........#
##.....§§§§#
#....§§§§§#
#....§Y§P§#
#....§§@#.....#
#.....YYY.#####
#........l.#
##.......#..#
#...........(
#.......#.....
.......[# P###P
#.####..# ##


You could see 4 death yaks and a komodo dragon.

Vanquished Creatures
  Kirke (D:14)
  A tengu reaver (D:14)
  An ironbound preserver (D:14)
  Josephine (D:13)
  2 fire dragons (D:14)
  A boulder beetle (D:12)
  5 centaur warriors
  3 hydras
  5 two-headed ogres
  13 death yaks
  A tengu warrior (D:13)
  5 skeletal warriors
  2 deep elf pyromancers (D:14)
  An ugly thing (D:13)
  3 cyclopes
  A manticore (D:13)
  Maurice (D:8)
  Joseph (D:8)
  A gargoyle (D:12)
  An unseen horror (D:11)
  A rime drake (shapeshifter) (D:14)
  3 komodo dragons (Lair:2)
  Psyche (D:8)
  5 cane toads
  An efreet (D:13)
  4 tengu conjurers
  3 trolls
  3 polar bears (Lair:2)
  2 hornets
  8 slime creatures
  4 blink frogs (Lair:1)
  2 shadows (D:13)
  A centaur simulacrum (D:14)
  A culicivora (shapeshifter) (D:13)
  6 wyverns
  39 yaks
  A water elemental (D:14)
  5 wraiths
  2 steam dragons
  Grum (D:8)
  2 basilisks
  Menkaure (D:7)
  2 vampire mosquitoes (D:13)
  Edmund (D:4)
  2 acid dragons
  4 water moccasins
  An ice beast (D:7)
  A black bear (D:11)
  3 sky beasts
  A swamp drake (shapeshifter) (D:14)
  An orc warrior (D:11)
  An ogre (D:7)
  4 centaurs
  4 wolves (D:8)
  A phantom (D:6)
  4 kobold brigands
  4 necrophages
  3 scorpions
  11 bullfrogs
  5 wights (D:7)
  3 killer bees (D:11)
  A howler monkey (D:9)
  An electric eel (D:14)
  5 hounds
  5 jellies
  5 gnoll boudas
  3 orc priests
  Ijyb (D:4)
  Terence (D:2)
  2 iguanas
  Natasha (thrice) (D:2)
  3 orc wizards
  Robin (D:2)
  27 gnolls
  8 adders
  2 shadow imps
  3 worms
  4 dart slugs
  19 orcs
  5 bats
  3 endoplasms
  A giant cockroach (D:4)
  8 goblins
  11 hobgoblins
  7 jackals
  5 quokkas
  2 ball pythons
  3 frilled lizards
  30 kobolds
  4 rats
375 creatures vanquished.

Vanquished Creatures (collateral kills)
  A two-headed ogre (D:10)
  Pikel (D:4)
  Maggie (D:8)
  A gnoll sergeant (D:9)
  2 wights (D:7)
  2 gnolls
  A dart slug (D:4)
  An endoplasm (D:2)
10 creatures vanquished.

Vanquished Creatures (others)
  8 dancing weapons
  A human (D:14)
  6 fungi
  14 plants
29 creatures vanquished.

Grand Total: 414 creatures vanquished

Notes
Turn   | Place    | Note
-------+----------+-------------------------------------------
     0 | D:1      | Varenkail the Spriggan Enchanter began the quest for the
                  | Orb.
     0 | D:1      | Reached XP level 1. HP: 9/9 MP: 5/5
   117 | D:1      | Found a faded altar of an unknown god.
   246 | D:1      | Reached XP level 2. HP: 13/13 MP: 7/7
   249 | D:1      | Learned a level 2 spell: Ensorcelled Hibernation
   565 | D:2      | Noticed Robin
   600 | D:2      | Killed Robin
   601 | D:2      | Reached XP level 3. HP: 16/16 MP: 2/9
   643 | D:2      | Reached XP level 4. HP: 21/21 MP: 0/11
   656 | D:2      | Reached skill level 5 in Hexes
   662 | D:2      | Learned a level 3 spell: Tukima's Dance
   666 | D:2      | Learned a level 3 spell: Confusing Touch
   857 | D:2      | Noticed Terence
   875 | D:2      | Killed Terence
   994 | D:2      | Noticed Natasha
  1002 | D:2      | Killed Natasha
  1209 | D:2      | Noticed Natasha
  1227 | D:2      | Killed Natasha
  1228 | D:2      | Reached skill level 5 in Spellcasting
  1228 | D:2      | Reached XP level 5. HP: 24/24 MP: 9/13
  1302 | D:2      | Noticed Natasha
  1311 | D:2      | Killed Natasha
  1598 | D:2      | Learned a level 3 spell: Dazzling Flash
  1791 | D:3      | Reached skill level 5 in Stealth
  2268 | D:3      | Reached XP level 6. HP: 27/28 MP: 15/15
  2509 | D:3      | Identified the ring of Giysodaen {Fly rElec Dex+4}
  2793 | D:3      | Gained mutation: You have large cloven feet. [potion of
                  | mutation]
  2794 | D:3      | Lost mutation: You have large cloven feet. [potion of
                  | mutation]
  2794 | D:3      | Gained mutation: You have a pair of small horns on your
                  | head. [potion of mutation]
  2794 | D:3      | Gained mutation: You have an increased reservoir of magic.
                  | (+10% MP) [potion of mutation]
  2944 | D:4      | Noticed Ijyb
  3082 | D:4      | Noticed Pikel
  3094 | D:4      | Killed Ijyb
  3095 | D:4      | Found Jaamim Tour's Weapon Shoppe.
  3100 | D:4      | Noticed Edmund
  3112 | D:4      | Killed Pikel
  3113 | D:4      | Reached skill level 7 in Stealth
  3113 | D:4      | Reached XP level 7. HP: 32/32 MP: 13/20
  3135 | D:4      | Killed Edmund
  3136 | D:4      | Reached skill level 8 in Stealth
  3151 | D:3      | Reached XP level 8. HP: 27/36 MP: 9/22
  3272 | D:4      | Found a radiant altar of Vehumet.
  3272 | D:4      | Found a sparkling altar of Nemelex Xobeh.
  3291 | D:4      | Found a shimmering blue altar of Sif Muna.
  3911 | D:5      | Entered Level 5 of the Dungeon
  4111 | D:5      | Reached skill level 9 in Stealth
  4517 | D:5      | Found a staircase to the Ecumenical Temple.
  4571 | Temple   | Entered the Ecumenical Temple
  4647 | Temple   | Became a worshipper of Dithmenos the Shadowed
  5227 | D:6      | Reached skill level 10 in Stealth
  5602 | D:6      | Reached XP level 9. HP: 39/39 MP: 25/25
  5645 | D:6      | Identified the +5 triple sword of Departure {venom, rElec
                  | Dex+6}
  5847 | D:6      | Found a burning altar of Makhleb.
  5847 | D:6      | Noticed a balrug
  5899 | D:7      | Found Ypsor's General Store.
  5941 | D:7      | Reached * piety under Dithmenos
  6061 | D:7      | Found Loagraedd's Antique Armour Emporium.
  6086 | D:7      | Reached skill level 1 in Fighting
  6332 | D:7      | Reached skill level 11 in Stealth
  6450 | D:7      | Noticed Menkaure
  6710 | D:7      | Killed Menkaure
  6711 | D:7      | Reached skill level 10 in Hexes
  6842 | D:8      | Reached ** piety under Dithmenos
  6942 | D:8      | Noticed Joseph
  6945 | D:8      | Killed Joseph
  6946 | D:8      | Reached skill level 5 in Dodging
  7072 | D:8      | Reached XP level 10. HP: 47/47 MP: 27/27
  7128 | D:8      | Noticed Grum
  7156 | D:8      | Killed Grum
  7165 | D:8      | Reached skill level 10 in Spellcasting
  7484 | D:8      | Noticed Maggie
  7499 | D:8      | Killed Maggie
  7501 | D:8      | Noticed Maurice
  7514 | D:8      | Killed Maurice
  7608 | D:8      | Reached skill level 12 in Stealth
  7856 | D:8      | Noticed Psyche
  7858 | D:8      | Killed Psyche
  8148 | D:9      | Reached skill level 5 in Short Blades
  8438 | D:9      | Reached *** piety under Dithmenos
  8591 | D:9      | Found a runed translucent door.
  8601 | D:9      | Found a runed translucent door.
  8636 | D:9      | Found a runed translucent door.
  8641 | D:9      | Noticed a two-headed ogre
  8651 | D:9      | Killed a two-headed ogre
  8652 | D:9      | Reached XP level 11. HP: 53/53 MP: 17/29
  8891 | D:9      | Found a runed translucent door.
  9165 | D:10     | Entered Level 10 of the Dungeon
  9176 | D:10     | Noticed a two-headed ogre
  9199 | D:10     | Reached skill level 13 in Stealth
  9263 | D:10     | Found a staircase to the Orcish Mines.
  9452 | D:10     | Killed a two-headed ogre
  9529 | D:10     | Found the ring of the Mage {Wiz Archmagi}
  9916 | D:11     | Found a staircase to the Lair.
  9999 | D:11     | Found Cecki Nona's Antique Weapon Emporium.
 10002 | D:11     | Noticed a skeletal warrior
 10009 | D:11     | Noticed a skeletal warrior
 10010 | D:11     | Noticed a skeletal warrior
 10010 | D:11     | Noticed a two-headed ogre
 10012 | D:11     | Noticed a skeletal warrior
 10015 | D:11     | Killed a skeletal warrior
 10017 | D:11     | Killed a skeletal warrior
 10019 | D:11     | Killed a skeletal warrior
 10019 | D:11     | Reached **** piety under Dithmenos
 10022 | D:11     | Killed a skeletal warrior
 10023 | D:11     | Reached skill level 5 in Fighting
 10028 | D:11     | Killed a two-headed ogre
 10034 | D:11     | Reached skill level 14 in Stealth
 10066 | D:11     | Found a radiant altar of Vehumet.
 10102 | D:11     | Found a runed translucent gate.
 10105 | D:11     | Found a runed translucent gate.
 10105 | D:11     | Found a runed translucent gate.
 10186 | D:11     | Noticed a two-headed ogre
 10192 | D:11     | Killed a two-headed ogre
 10193 | D:11     | Reached XP level 12. HP: 60/60 MP: 31/31
 10279 | D:11     | Noticed confidenceinterval's ghost (journeyman TeCj)
 11003 | D:12     | Noticed a boulder beetle
 11052 | D:12     | Killed a boulder beetle
 11145 | D:12     | Noticed a two-headed ogre
 11154 | D:12     | Killed a two-headed ogre
 11306 | D:12     | Noticed a four-headed hydra
 11313 | D:12     | Killed a four-headed hydra
 11471 | D:13     | Found a runed translucent door.
 11471 | D:13     | Noticed Pereli's ghost (journeyman SpEn)
 11476 | D:13     | Noticed a centaur warrior
 11479 | D:13     | Killed a centaur warrior
 11633 | D:13     | Noticed a centaur warrior
 11642 | D:13     | Killed a centaur warrior
 11754 | D:13     | Noticed Josephine
 11761 | D:13     | Killed Josephine
 11762 | D:13     | Reached skill level 10 in Dodging
 11788 | D:13     | Reached skill level 15 in Stealth
 11839 | D:13     | Found a portal to a secret trove of treasure.
 12112 | D:13     | Noticed a tengu warrior
 12115 | D:13     | Killed a tengu warrior
 12372 | D:14     | Noticed a fire dragon
 12377 | D:14     | Killed a fire dragon
 12400 | D:14     | Noticed a centaur warrior
 12414 | D:14     | Killed a centaur warrior
 12475 | D:14     | Noticed Kirke
 12486 | D:14     | Killed Kirke
 12487 | D:14     | Reached XP level 13. HP: 65/65 MP: 30/33
 12618 | D:14     | Found a gate to the Vaults.
 12618 | D:14     | Noticed an ironbound preserver
 12628 | D:14     | Killed an ironbound preserver
 12668 | D:14     | Noticed a fire dragon
 12674 | D:14     | Killed a fire dragon
 12750 | D:14     | Found an ornate altar of the Wu Jian Council.
 12769 | D:14     | Reached skill level 16 in Stealth
 12857 | D:14     | Noticed a tengu reaver
 12938 | D:14     | Killed a tengu reaver
 13099 | Lair:1   | Entered Level 1 of the Lair of Beasts
 13251 | Lair:1   | Identified the +10 hand axe "Boosaow" {venom, Str+3 SInv}
 13272 | Lair:1   | Found a runed translucent gate.
 13272 | Lair:1   | Found a runed translucent gate.
 13272 | Lair:1   | Found a runed translucent gate.
 13274 | Lair:1   | Noticed Ohiral's ghost (novice BaFi)
 13399 | Lair:1   | Found a burning altar of Makhleb.
 14520 | Lair:2   | Found a staircase to the Snake Pit.
 14745 | Lair:2   | Reached ***** piety under Dithmenos
 14746 | Lair:2   | Reached XP level 14. HP: 54/72 MP: 25/35
 14748 | Lair:2   | Reached skill level 10 in Short Blades
 14814 | Lair:2   | Identified a scroll of acquirement
 14814 | Lair:2   | Acquired 1167 gold pieces
 15160 | Lair:1   | Reached skill level 17 in Stealth
 15824 | Lair:3   | Slain by a death yak

Illustrated notes

Levels and vault maps discovered:
D:1:      lemuel_arrival_rhombus, layout_rooms, chequers_ecumenical_altar_island
D:2:      layout_loops_ring, uniq_terence, uniq_robin, uniq_natasha
D:3:      layout_basic
D:4:      layout_cave_pools, old_standard_altar, jmf_multi_god_temple,
          serial_shops, nicolae_diamond_shop, uniq_edmund, uniq_pikel, uniq_ijyb
D:5:      layout_basic, minmay_temple_entry_water_ring, hex_intersection
D:6:      layout_loops_ring, makhleb_altar_promises_db
D:7:      layout_loops_cross, serial_shops, nicolae_square_shop,
          nicolae_stop_n_shop_2, uniq_menkaure
D:8:      layout_basic, uniq_maggie, uniq_maurice, uniq_joseph, uniq_grum,
          uniq_psyche
D:9:      layout_basic, st_stairs_4, minmay_statue_crystal_thing
D:10:     layout_cave_pools, orc_0_dummy
D:11:     layout_basic, grunt_lair_entry_orc_guard_hut, serial_shops,
          nicolae_shop_overgrown_old_shop, gammafunk_ghost_spectres,
          kennysheep_path_1, nicolae_vehumet_altar_sigil
D:12:     layout_stronghold, serial_column_ruins, column_ruins_open_tiny,
          column_ruins_grid_3, column_ruins_columns_corner
D:13:     layout_long_grid, hellmonk_ghost_big_iron, enter_trove_0,
          uniq_josephine
D:14:     layout_big_octagon, skrybe_vaults_entry_preservation,
          nicolae_wu_jian_wuxing_cycle, kennysheep_island_fort, uniq_kirke
Temple:   compressed_dpeg_circular_temple
Lair:1:   layout_regular_city, basic_altar, ebering_ghost_rock_garden
Lair:2:   layout_small_grid, dummy_snake_entry, cheibrodos_lair_lostbears,
          grunt_megastairs_4
Lair:3:   layout_gridlike, minmay_swamp_entry_reptiles, minmay_lair_oklob_bushes

Skill      XL: |  1  2  3  4  5  6  7  8  9 10 11 12 13 14 |
---------------+-------------------------------------------+-----
Spellcasting   | 3 4 5 6 7 8 9 10 11 12 13 14 | 14.0
Hexes          | 4 5 6 7 9 10 11 12 13 14 | 14.2
Stealth        | 5 7 8 10 11 12 14 15 16 17 | 17.1
Dodging        | 5 7 9 10 12 | 12.4
Fighting       | 2 4 5 6 7 |  7.8
Short Blades   | 3 5 7 8 9 10 | 10.2

Action                   |  1- 3 |  4- 6 |  7- 9 | 10-12 | 13-15 || total
-------------------------+-------+-------+-------+-------+-------++-------
Melee: Dagger            |    85 |   143 |   229 |   277 |   174 ||   908
       Punch             |       |     3 |     1 |       |     5 ||     9
       Headbutt          |       |     4 |    40 |    55 |    38 ||   137
Throw: Dart              |     2 |       |     1 |       |       ||     3
 Cast: Ensorcelled Hiber |     7 |    22 |    65 |    94 |    53 ||   241
       Tukima's Dance    |       |     7 |     4 |    15 |       ||    26
       Confusing Touch   |       |     2 |     8 |     8 |     4 ||    22
       Dazzling Flash    |       |       |       |     1 |    20 ||    21
Invok: Shadow Step       |       |       |       |     2 |     3 ||     5
Evoke: Wand              |       |     4 |     5 |       |     3 ||    12
       Lightning rod     |       |       |       |       |     2 ||     2
       Tin of tremorston |       |       |       |       |     2 ||     2
  Use: Scroll            |     3 |     6 |    12 |     4 |     4 ||    29
       Potion            |     3 |     3 |       |     2 |     3 ||    11
 Stab: Sleeping          |     5 |    14 |    53 |    98 |    55 ||   225
       Invisible         |     5 |       |       |     2 |     8 ||    15
       Confused          |       |     3 |     7 |     9 |     7 ||    26
       Distracted        |       |       |       |       |     2 ||     2
Armor: Robe              |    13 |    21 |    18 |       |       ||    52
       Steam dragon scal |       |       |     6 |    13 |    17 ||    36
Dodge: Dodged            |    56 |   118 |   192 |   221 |   213 ||   800

Table legend: (Time is in decaauts)
 A = Elapsed time spent in this place.
 B = Non-inter-level travel time spent in this place.
 C = Inter-level travel time spent in this place.
 D = Time resting spent in this place.
 E = Time spent auto-exploring this place.
 F = Levels seen in this place.
 G = Mean time per level.
                   A        B        C        D        E       F      G
               +--------+--------+--------+--------+--------+-----+--------+
         Total |  11326 |  10987 |    339 |   1253 |   7055 |  18 |  629.2 |
       Dungeon |   9323 |   9074 |    249 |   1128 |   5731 |  14 |  665.9 |
        Temple |     84 |     70 |     14 |      0 |     35 |   1 |   84.0 |
          Lair |   1918 |   1843 |     75 |    125 |   1289 |   3 |  639.3 |
               +--------+--------+--------+--------+--------+-----+--------+

Top non-repeatable levels by time:
     D:3: 1100 daAuts
  Lair:2: 1078 daAuts
     D:2: 901 daAuts
     D:8: 849 daAuts
     D:9: 840 daAuts
     D:5: 797 daAuts
  Lair:1: 776 daAuts
     D:7: 667 daAuts
    D:13: 633 daAuts
    D:11: 575 daAuts
    D:10: 549 daAuts
     D:4: 539 daAuts
     D:6: 534 daAuts
    D:12: 475 daAuts
    D:14: 475 daAuts
